 Dungeon Crawl Stone Soup version 0.24-a0-201-gf205589 (webtiles) character file.

Game seed: 11677481733177439430

730 Ivan the Bolt Thrower (level 7, -1/52 HPs)
             Began as a Mummy Hunter on Mar 24, 2019.
             Slain by Pikel
             ... wielding a +1 whip of flaming
              (2 damage)
             ... on level 5 of the Dungeon.
             The game lasted 00:12:40 (3320 turns).

Ivan the Bolt Thrower (Mummy Hunter)                Turns: 3320, Time: 00:12:40

Health: -1/52      AC: 14    Str: 17    XL:     7   Next: 44%
Magic:  7/7        EV:  5    Int: 11    God:
Gold:   275        SH:  7    Dex: 18    Spells: 6/6 levels left

rFire    x . .     SeeInvis .   b - +0 short sword
rCold    + . .     Gourm    .   t - +0 shield
rNeg     + + +     Faith    .   o - +0 chain mail
rPois    ∞         Spirit   .   l - +0 helmet
rElec    .         Reflect  .   v - +2 cloak {rPois}
rCorr    .         Harm     .   c - +0 pair of gloves
MR       .....                  (no boots)
Stlth    ..........             (no amulet)
HPRegen  0.17/turn              m - +3 ring of dexterity
MPRegen  0.10/turn              u - +3 ring of dexterity

@: no status effects
A: no food or potions, fire vulnerability, cold resistance 1, negative energy
resistance 3, torment resistance, unbreathing
a: no special abilities


You were on level 5 of the Dungeon.
You were not hungry.

You visited 1 branch of the dungeon, and saw 5 of its levels.

You collected 275 gold pieces.

Inventory:

Hand Weapons
 a - a +1 hand crossbow
 b - a +0 short sword (weapon)
Missiles
 d - 2 poisoned needles
 f - 70 stones (quivered)
Armour
 c - a +0 pair of gloves (worn)
 l - a +0 helmet (worn)
 o - a +0 chain mail (worn)
 t - a +0 shield (worn)
 v - a +2 cloak of poison resistance (worn)
Jewellery
 m - a +3 ring of dexterity (left hand)
 u - a +3 ring of dexterity (right hand)
Wands
 x - a wand of polymorph (7)
Scrolls
 e - 3 scrolls of identify {unknown}
 i - a scroll of random uselessness {unknown}
 j - a scroll of blinking {unknown}
 k - 2 scrolls of teleportation {unknown}
 n - 2 scrolls of remove curse {unknown}
 p - a scroll of amnesia {unknown}
 q - 4 scrolls of noise {unknown}
 r - a scroll of fog {unknown}
 w - a scroll of fear {unknown}
Potions
 h - 2 potions of flight {unknown}
Comestibles
 g - 7 rations


   Skills:
 + Level 3.6 Fighting
 + Level 0.3 Short Blades
 + Level 6.3 Crossbows
 + Level 1.2 Throwing
 + Level 2.0 Armour
 + Level 2.1 Dodging
 + Level 0.8 Stealth
 + Level 0.1 Shields


You had 6 spell levels left.
You didn't know any spells.
Your spell library contained the following spells:

 Spells                   Type           Power        Failure   Level  Hunger
 Animate Skeleton         Necr           N/A          100%        1    N/A
 Apportation              Tloc           #.....       100%        1    N/A
 Confusing Touch          Hex            #.....       100%        1    N/A
 Summon Small Mammal      Summ           #...         100%        1    N/A

Dungeon Overview and Level Annotations

Branches:
Dungeon (5/15)
 Temple: D:4-7

Altars:
Ashenzari
Dithmenos
Elyvilon
Fedhas
Ru
Wu Jian
Yredelemnul

Annotations:
D:5 Pikel


Innate Abilities, Weirdness & Mutations

You do not eat or drink.
Your flesh is vulnerable to fire.
You are immune to poison.
Your flesh is cold resistant. (rC+)
You are immune to negative energy. (rN+++)
You are immune to unholy pain and torment.
You can survive without breathing.


Message History

Pikel is severely wounded.
The slave hits you.
* * * LOW HITPOINT WARNING * * *
Pikel zaps a wand.
You resist with significant effort.
The slave hits you but does no damage. x2; You block the slave's attack.
You miss Pikel.
Pikel is severely wounded.
The slave hits you but does no damage. Pikel hits you but does no damage.
The slave hits you but does no damage. The slave hits you!
* * * LOW HITPOINT WARNING * * *
The slave hits you but does no damage. x2
You hit Pikel but do no damage.
Pikel is severely wounded.
A necrophage comes into view.
Pikel barely misses you. You block the slave's attack. x2
The slave hits you but does no damage. x2
You hit Pikel.
Pikel is almost dead.
Pikel hits you with a +1 whip of flaming.
You die...

#(# #..#..# #.
.(##....n##..
.(..../.....
((.......#
##(.._.:.##
..##.((......##
......Kpp......
#.8⌠. #p@p..#
#.....
##..#..## #
#.8⌠.
#.##..###..##..
....
#.....###.....#
...#
#.###..#...#.#
...# ..
#....[.# # .#.#
#........#.#.#
.#.# #
.......#...#
.<.#
........###.#


You could see Pikel, 4 slaves and a necrophage.

Vanquished Creatures
  Grinder (D:3)
  2 phantoms
  An ogre (D:4)
  Jessica (D:2)
  Terence (D:3)
  An orc wizard (D:4)
  A worker ant (D:4)
  3 gnolls (D:2)
  7 adders
  An ooze (D:2)
  An adder skeleton (D:4)
  2 worms
  A leopard gecko (D:3)
  4 orcs (D:4)
  7 giant cockroaches
  6 goblins
  6 hobgoblins
  3 jackals (D:1)
  9 kobolds
  A quokka (D:4)
  A ball python (D:4)
  9 bats
  A frilled lizard (D:4)
  A jackal skeleton (D:4)
  6 rats
77 creatures vanquished.

Notes
Turn   | Place    | Note
-------+----------+-------------------------------------------
     0 | D:1      | Ivan the Mummy Hunter began the quest for the Orb.
     0 | D:1      | Reached XP level 1. HP: 16/16 MP: 1/1
   276 | D:1      | Reached XP level 2. HP: 22/22 MP: 2/2
   903 | D:2      | Reached XP level 3. HP: 27/27 MP: 3/3
   966 | D:2      | Reached skill level 4 in Crossbows
  1043 | D:2      | Reached XP level 4. HP: 33/33 MP: 4/4
  1181 | D:2      | Found a basalt altar of Yredelemnul.
  1263 | D:2      | Found a white marble altar of Elyvilon.
  1264 | D:2      | Found a blossoming altar of Fedhas.
  1264 | D:2      | Found a sacrificial altar of Ru.
  1265 | D:2      | Found a shattered altar of Ashenzari.
  1397 | D:2      | Noticed Jessica
  1402 | D:2      | Killed Jessica
  1449 | D:2      | Found an ornate altar of the Wu Jian Council.
  1604 | D:3      | Noticed Terence
  1607 | D:3      | Killed Terence
  1607 | D:3      | Reached XP level 5. HP: 39/39 MP: 5/5
  1730 | D:3      | Reached skill level 5 in Crossbows
  2249 | D:3      | Noticed Grinder
  2253 | D:3      | Killed Grinder
  2253 | D:3      | Reached skill level 1 in Armour
  2253 | D:3      | Reached XP level 6. HP: 46/46 MP: 6/6
  2553 | D:4      | Reached skill level 1 in Throwing
  2785 | D:4      | Reached XP level 7. HP: 52/52 MP: 7/7
  2861 | D:4      | Reached skill level 6 in Crossbows
  3157 | D:5      | Entered Level 5 of the Dungeon
  3293 | D:5      | Found a shadowy altar of Dithmenos.
  3302 | D:5      | Noticed Pikel
  3318 | D:5      | HP: 1/52 [slave[Pikel] (7)]
  3320 | D:5      | Slain by Pikel

Levels and vault maps discovered:
D:1:      minmay_arrival_plants_in_alcoves, layout_basic,
          minmay_misc_feat_roman, minmay_pentomino_p2
D:2:      layout_loops_ring, lemuel_doored_altar,
          chequers_temple_overflow_statue_of_worship, lemuel_crystal_altar,
          chequers_avenue, uniq_jessica
D:3:      layout_loops_corners, minmay_fractal_squares_gapless_5, uniq_terence,
          uniq_grinder
D:4:      layout_loops_ring
D:5:      layout_basic, minmay_temple_entry_drinking_statues, serial_shops,
          shop, first_ration, nicolae_dithmenos_shadow_blocks, uniq_pikel,
          uniq_blork_the_orc

Skill      XL: |  1  2  3  4  5  6  7 |
---------------+----------------------+-----
Crossbows      | 4 5 6 |  6.3
Dodging        | 2 |  2.1
Armour         | 1 2 |  2.0
Fighting       | 3 |  3.6
Throwing       | 1 |  1.2
Short Blades   | |  0.3
Stealth        | |  0.8
Shields        | |  0.1

Action                   |  1- 3 |  4- 6 |  7- 9 || total
-------------------------+-------+-------+-------++-------
Melee: Short sword       |       |     8 |     4 ||    12
 Fire: Hand crossbow     |    60 |   125 |    48 ||   233
Throw: Stone             |       |    20 |     5 ||    25
Armor: Leather armour    |     7 |       |       ||     7
       Chain mail        |     4 |    54 |    34 ||    92
Dodge: Dodged            |    17 |    34 |    15 ||    66
Block: Shield            |       |     5 |    20 ||    25

Table legend:
 A = Non-vault XP
 B = Vault XP
 C = Vault XP percentage of total XP
 D = Non-vault monster count
 E = Vault monster count
 F = Vault count percentage of total count
                 A         B        C        D         E       F
            +---------+---------+-------+---------+---------+-------
      Total |     674 |     370 |  35.4 |      69 |       8 |  10.4
            +---------+---------+-------+---------+---------+-------
        D:1 |      22 |       0 |   0.0 |      13 |       0 |   0.0
        D:2 |     118 |      37 |  23.9 |      31 |       1 |   3.1
        D:3 |      22 |     333 |  93.8 |       6 |       7 |  53.8
        D:4 |     358 |       0 |   0.0 |      16 |       0 |   0.0
        D:5 |     154 |       0 |   0.0 |       3 |       0 |   0.0
            +---------+---------+-------+---------+---------+-------
